 Dungeon Crawl Stone Soup version 0.31-a0-986-g5e6e4ef867 (webtiles) character file.

Game seed: 10266975013995369070

304 gelatine the Chopper (level 6, -1/47 HPs)
             Began as a Demonspawn Fighter on Nov 12, 2023.
             Slain by an orc warrior
             ... wielding a +0 glaive
              (13 damage)
             ... on level 4 of the Dungeon.
             The game lasted 00:06:02 (2415 turns).

gelatine the Chopper (Demonspawn Fighter)           Turns: 2415, Time: 00:06:03

Health: -1/47      AC: 11    Str: 19    XL:     6   Next: 15%
Magic:  7/7        EV:  9    Int:  9    God:
Gold:   234        SH:  4    Dex: 12    Spells: 7/7 levels left

rFire   . . .        a - +1 war axe
rCold   . . .        c - +0 buckler
rNeg    . . .        b - +0 scale mail
rPois   .            (helmet restricted)
rElec   .            g - +1 cloak
rCorr   .            m - +1 pair of gloves
SInv    .            (no boots)
Will    .....        (no amulet) Stlth
                     (no ring)
HPRegen 0.27/turn    (no ring)
MPRegen 0.10/turn

%: no passive effects
@: mighty
A: antennae 2, powered by death 1
a: no special abilities


You were on level 4 of the Dungeon.
You visited 1 branch of the dungeon, and saw 4 of its levels.

You collected 234 gold pieces.

Inventory:

Hand Weapons
 a - a +1 war axe (weapon)
Armour
 b - a +0 scale mail (worn)
 c - a +0 buckler (worn)
 g - a +1 cloak (worn)
 m - a +1 pair of gloves (worn)
Scrolls
 e - a scroll of fear
 k - a scroll of blinking
Potions
 f - a potion of lignification
 h - a potion of haste {unknown}
 i - 2 potions of enlightenment
 j - a potion of curing {unknown}
 l - a potion of cancellation {unknown}


   Skills:
 * Level 3.6 Fighting
 * Level 3.7 Axes
 * Level 3.6 Armour
 * Level 1.3 Dodging
 * Level 1.3 Stealth
 * Level 3.3 Shields
 * Level 1.1 Spellcasting


You had 7 spell levels left.
You didn't know any spells.
Your spell library contained the following spells:

 Spells                   Type           Power      Damage    Failure   Level
 Freeze                   Ice            0%         1d3       80%         1
 Frozen Ramparts          Ice            0%         1d1       99%         3
 Hailstorm                Conj/Ice       0%         3d3       99%         3
 Ozocubu's Armour         Ice            0%         N/A       99%         3
 Metabolic Englaciation   Hex/Ice        0%         N/A       100%        5
 Simulacrum               Ice/Necr       0%         N/A       100%        6


Dungeon Overview and Level Annotations

Branches:
Dungeon (4/15)
 Temple: D:4-7

Altars:
Dithmenos
Gozag
Hepliaklqana
Uskayaw
Vehumet

Shops:
D:3 *


Innate Abilities, Weirdness & Mutations

You have a pair of antennae on your head.
You regenerate a little health from kills.


Message History

The orc wizard closely misses you.
You slash the orc wizard!
You kill the orc wizard!
An orc comes into view. It is wielding a +0 whip.
You hit the orc.
You kill the orc!
The orc warrior unwields a +0 glaive.
The orc warrior wields a +0 arbalest.
The orc warrior shoots a bolt.
The bolt hits you. You block the orc's attack.
You closely miss the orc. The orc hits you with a +0 club.
You hit the orc.
The orc is heavily wounded.
The orc hits you but does no damage.
You closely miss the orc.
The orc is heavily wounded.
The orc barely misses you.
You slash the orc warrior!
The orc warrior is moderately wounded.
The orc warrior unwields a +0 arbalest.
The orc warrior wields a +0 glaive.
You block the orc warrior's attack.
You hit the orc warrior but do no damage.
The orc warrior is moderately wounded.
The orc warrior hits you with a +0 glaive.
You hit the orc warrior.
The orc warrior is heavily wounded.
The orc warrior hits you with a +0 glaive!
The orc warrior hits you with a +0 glaive.
You closely miss the orc warrior.
The orc warrior is heavily wounded.
The orc warrior hits you with a +0 glaive!
You hit the orc warrior.
The orc warrior is severely wounded.
The orc warrior hits you with a +0 glaive!
* * * LOW HITPOINT WARNING * * *
You feel very mighty all of a sudden.
The orc warrior hits you with a +0 glaive.
* * * LOW HITPOINT WARNING * * *
You barely miss the orc warrior.
The orc warrior is severely wounded.
The orc warrior hits you with a +0 glaive!
You die... { { ##.## ..., ##### #..# ... #...# ##.## ##o####...# #..# #ooo#.....####.## #8o8##......)))# o{o

##.#####.## #o####.## #.#####
#@#.##..# #...... ############
#....##.## ####### .....#.....##
##.#.##..# # ............##
#.#..##># # .............#
#.##.##.##### # .............#
#.##. #.....# #
.............####.##.######.#####
.................................
.............####.##.######....##


You could see an orc warrior and 7 orcs.

Vanquished Creatures
  A phantom (D:4)
  A scorpion (D:3)
  A hound (D:4)
  An iguana (D:4)
  An orc wizard (D:4)
  Robin (D:4)
  An adder (D:2)
  A worm (D:3)
  2 dart slugs
  An orc (D:4)
  5 bats
  5 endoplasms
  9 hobgoblins
  5 jackals
  3 quokkas
  3 ball pythons
  2 frilled lizards
  11 goblins
  4 kobolds
  3 rats
61 creatures vanquished.

Notes
Turn   | Place    | Note
-------+----------+-------------------------------------------
     0 | D:1      | gelatine the Demonspawn Fighter began the quest for the
                  | Orb.
     0 | D:1      | Reached XP level 1. HP: 18/18 MP: 1/1
   235 | D:1      | Gained mutation: You have a pair of small antennae on your
                  | head. [demonic ancestry]
   235 | D:1      | Reached XP level 2. HP: 22/24 MP: 2/2
   798 | D:2      | Gained mutation: You regenerate a little health from kills.
                  | [demonic ancestry]
   798 | D:2      | Reached XP level 3. HP: 28/29 MP: 3/3
  1535 | D:3      | Noticed a scorpion
  1556 | D:3      | Killed a scorpion
  1557 | D:3      | Reached skill level 1 in Dodging
  1557 | D:3      | Gained mutation: You have a pair of antennae on your head.
                  | [demonic ancestry]
  1557 | D:3      | Reached XP level 4. HP: 9/35 MP: 4/4
  1660 | D:3      | Found a shadowy altar of Dithmenos.
  1963 | D:3      | Found an opulent altar of Gozag.
  1963 | D:3      | Found Gozag's Platinum Reserve.
  2064 | D:4      | Noticed Robin
  2077 | D:4      | Reached XP level 5. HP: 41/41 MP: 5/5
  2079 | D:4      | Killed Robin
  2080 | D:4      | Reached skill level 1 in Stealth
  2091 | D:4      | Noticed a phantom
  2122 | D:4      | Killed a phantom
  2251 | D:4      | Found a hazy altar of Hepliaklqana.
  2251 | D:4      | Found a faded altar of an unknown god.
  2259 | D:4      | Found a radiant altar of Vehumet.
  2261 | D:4      | Found a hide-covered altar of Uskayaw.
  2262 | D:4      | Found a faded altar of an unknown god.
  2335 | D:4      | Reached skill level 1 in Spellcasting
  2369 | D:4      | Reached XP level 6. HP: 47/47 MP: 7/7
  2399 | D:4      | Noticed an orc warrior
  2415 | D:4      | Slain by an orc warrior

Illustrated notes

Levels and vault maps discovered:
D:1:      evilmike_arrival_plus, layout_loops_corners, minmay_misc_feat_enclosed
D:2:      layout_basic
D:3:      layout_basic, nicolae_dithmenos_shadow_blocks,
          nicolae_gozag_zags_fifth_avenue
D:4:      layout_rooms, mainiacjoe_overflow_divided_tiny,
          chequers_temple_overflow_minitemple, nicolae_kite_square_tiling_tiny,
          pf_guarded_unrand_delatra, uniq_robin

Skill      XL: |  1  2  3  4  5 |
---------------+----------------+-----
Armour         | 3 |  3.6
Axes           | 2 3 |  3.7
Shields        | 3 |  3.3
Dodging        | 1 |  1.3
Stealth        | 1 |  1.3
Spellcasting   | 1 |  1.1
Fighting       | |  3.6

Action                     |  1- 3 |  4- 6 || total
---------------------------+-------+-------++-------
  Melee: War axe           |   113 |    72 ||   185
    Use: Scroll            |     9 |       ||     9
         Potion            |       |     1 ||     1
 Armour: Scale mail        |    89 |    53 ||   142
  Dodge: Dodged            |    67 |    35 ||   102
  Block: Buckler           |    35 |    12 ||    47

Table legend: (Time is in decaauts)
 A = Elapsed time spent in this place.
 B = Non-inter-level travel time spent in this place.
 C = Inter-level travel time spent in this place.
 D = Time resting spent in this place.
 E = Time spent auto-exploring this place.
 F = Levels seen in this place.
 G = Mean time per level.
                   A        B        C        D        E       F      G
               +--------+--------+--------+--------+--------+-----+--------+
         Total |   2489 |   2407 |     82 |      0 |   1879 |   4 |  622.2 |
       Dungeon |   2489 |   2407 |     82 |      0 |   1879 |   4 |  622.2 |
               +--------+--------+--------+--------+--------+-----+--------+

Top non-repeatable levels by time:
     D:1: 793 daAuts
     D:3: 788 daAuts
     D:2: 504 daAuts
     D:4: 402 daAuts
